 Dungeon Crawl Stone Soup version 0.28-a0-465-ge2dae52223 (webtiles) character file.

Game seed: 327259346190185999

11 jjspeeddemon the Grasshopper (level 2, 0/21 HPs)
             Began as a Mummy Wanderer on Sept 15, 2021.
             Slain by a gnoll (3 damage)
             ... on level 1 of the Dungeon.
             The game lasted 00:09:21 (418 turns).

jjspeeddemon the Grasshopper (Mummy Wanderer)        Turns: 418, Time: 00:09:21

Health: 0/21       AC:  5    Str: 15    XL:     2   Next: 13%
Magic:  4/4        EV: 10    Int: 11    God:
Gold:   22         SH:  0    Dex: 11    Spells: 4/4 levels left

rFire   x . .      SeeInvis .   e - +0 short sword
rCold   + . .      Faith    .   (no shield)
rNeg    + + +      Spirit   .   b - +0 ring mail
rPois   ∞          Reflect  .   (no helmet)
rElec   .          Harm     .   (no cloak)
rCorr   .          Rampage  .   (no gloves)
Will    .....                   (no boots)
Stlth   +.........              (no amulet)
HPRegen 0.07/turn               (no ring)
MPRegen 0.09/turn               (no ring)

@: no status effects
A: cold resistance 1, negative energy resistance 3, torment resistance 2, heat
vulnerability 1, no potions
a: no special abilities


You were on level 1 of the Dungeon.
You visited 1 branch of the dungeon, and saw 1 of its levels.

You collected 22 gold pieces.

Inventory:

Hand Weapons
 a - a +0 club
 c - a +0 dagger
 d - a +0 mace
 e - a +0 short sword (weapon)
 f - a +0 short sword
Missiles
 h - 36 arrows
Armour
 b - a +0 ring mail (worn)
Scrolls
 g - a scroll of torment {unknown}


   Skills:
 * Level 1.4 Fighting
 - Level 1.0 Crossbows
 - Level 1.5 Armour
 + Level 0.1 Dodging
 - Level 1.5 Stealth
 - Level 1.8 Spellcasting
 - Level 3.2 Translocations


You had 4 spell levels left.
You didn't know any spells.
Your spell library contained the following spells:

 Spells                   Type           Power      Damage    Failure   Level
 Blink                    Tloc           N/A        N/A       22%         2
 Gell's Gravitas          Tloc           4%         N/A       41%         3
 Lesser Beckoning         Tloc           8%         N/A       41%         3
 Teleport Other           Tloc           8%         N/A       41%         3
 Manifold Assault         Tloc           8%         N/A       99%         5


Dungeon Overview and Level Annotations

Branches:
Dungeon (1/15)

Altars:


Innate Abilities, Weirdness & Mutations

You are immune to poison.
Your flesh is cold resistant. (rC+)
You are immune to negative energy. (rN+++)
You are immune to unholy pain and torment.
You are vulnerable to heat. (rF-)
You do not drink.


Message History

You barely miss the rat. The rat closely misses you.
You hit the rat.
The rat is heavily wounded.
The rat closely misses you.
You hit the rat.
You kill the rat!
No target in view!
No target in view!
You see here a rat corpse.
h - 36 arrows (gained 23)
A giant cockroach comes into view.
You see here a rat corpse.
You see here a rat corpse.
A gnoll comes into view. It is wielding a +0 whip.
You hit the gnoll but do no damage. The gnoll barely misses you.
You closely miss the gnoll. The gnoll hits you with a +0 whip.
You hit the gnoll.
The gnoll is lightly wounded.
The gnoll hits you with a +0 whip!
You closely miss the gnoll.
The gnoll is lightly wounded.
The gnoll hits you with a +0 whip.
You hit the gnoll.
The gnoll is moderately wounded.
The gnoll barely misses you.
You barely miss the gnoll.
The gnoll is moderately wounded.
The gnoll hits you with a +0 whip.
* * * LOW HITPOINT WARNING * * *
You hit the gnoll.
The gnoll is moderately wounded.
The gnoll hits you with a +0 whip.
* * * LOW HITPOINT WARNING * * *
The gnoll closely misses you. The gnoll hits you but does no damage.
You see here a rat corpse.
You closely miss the gnoll.
The gnoll is moderately wounded.
The gnoll hits you with a +0 whip.
You die...

#..# .## #..# #
#####..# # .......#
# .......# #
######.# # #...##
#### #.##.# #######
#... #..#.# #..g@.#
#.## #..#†# #.###.#
######.# #..#.# #.#
#.##### #......#
#..#.#####.# #.#...#
#.######
####.......###>#.#.#
#.#
####.....#....#.#
#.# #.###.#..#...#
#.# #.###....#.###
#.#######
#.......##.###
#........


You could see a gnoll.

Vanquished Creatures
  A ball python (D:1)
  An endoplasm (D:1)
  A giant cockroach (D:1)
  A goblin (D:1)
  A hobgoblin (D:1)
  A kobold (D:1)
  A quokka (D:1)
  2 rats (D:1)
9 creatures vanquished.

Notes
Turn   | Place    | Note
-------+----------+-------------------------------------------
     0 | D:1      | jjspeeddemon the Mummy Wanderer began the quest for the
                  | Orb.
     0 | D:1      | jjspeeddemon set off with the following items: a +0 club, a
                  | +0 ring mail, a +0 dagger; and the following spells
                  | available to memorise: Blink, Gell's Gravitas, Lesser
                  | Beckoning, Teleport Other, Manifold Assault
     0 | D:1      | Reached XP level 1. HP: 13/13 MP: 2/2
    55 | D:1      | Found a faded altar of an unknown god.
   102 | D:1      | Reached skill level 1 in Fighting
   288 | D:1      | Reached XP level 2. HP: 21/21 MP: 4/4
   418 | D:1      | Slain by a gnoll

Illustrated notes

Levels and vault maps discovered:
D:1:      minmay_arrival_plants_in_alcoves, layout_basic,
          chequers_ecumenical_altar_twisty, minivault_5

Skill      XL: |  1 |
---------------+----+-----
Fighting       | 1 |  1.4
Crossbows      | |  1.0
Armour         | |  1.5
Dodging        | |  0.1
Stealth        | |  1.5
Spellcasting   | |  1.8
Translocations | |  3.2

Action                   || total
-------------------------++-------
Melee: Short sword       ||    36
       Mace              ||     3
       Dagger            ||     1
 Stab: Sleeping          ||     1
Armor: Ring mail         ||    11
Dodge: Dodged            ||    23

Table legend: (Time is in decaauts)
 A = Elapsed time spent in this place.
 B = Non-inter-level travel time spent in this place.
 C = Inter-level travel time spent in this place.
 D = Time resting spent in this place.
 E = Time spent auto-exploring this place.
 F = Levels seen in this place.
 G = Mean time per level.
                   A        B        C        D        E       F      G
               +--------+--------+--------+--------+--------+-----+--------+
         Total |    421 |    325 |     96 |      0 |    169 |   1 |  421.0 |
       Dungeon |    421 |    325 |     96 |      0 |    169 |   1 |  421.0 |
               +--------+--------+--------+--------+--------+-----+--------+

Top non-repeatable levels by time:
     D:1: 421 daAuts
